NCAA
TENNESSEE VOLUNTEERS @ BOSTON COLLEGE EAGLES
04/28/2029
 
TOP OF THE 1ST
Tennessee Volunteers batting - Pitching for Boston College Eagles : RHP Horace Olson
Pitching: RHP Horace Olson
Batting: RHB Bruce Carr 0-0: SOLO HOME RUN (Line Drive, 7D), Distance : 357 ft
Batting: SHB Jared Calhoun 0-0: Called Strike
0-1: Foul Ball, location: 2F
0-2: Strikes out swinging
Batting: LHB Alfredo Cantú 0-0: Called Strike
0-1: Ball
1-1: Ball
2-1: Foul Ball, location: 2F
2-2: Foul Ball, location: 2F
2-2: Fly out, F9 (Flyball, 9LSF)
Batting: LHB Carl Coffman 0-0: Foul Ball, location: 2F
0-1: Fly out, F8 (Flyball, 89M)
Top of the 1st over - 1 run, 1 hit, 0 errors, 0 left on base; Tennessee 1 - Boston College 0
BOTTOM OF THE 1ST
Boston College Eagles batting - Pitching for Tennessee Volunteers : RHP Daniel Knight
Pitching: RHP Daniel Knight
Batting: RHB Jim Banks 0-0: Called Strike
0-1: Foul Ball, location: 2F
0-2: Ball
1-2: Fly out, F9 (Flyball, 9S)
Batting: SHB Marvin MacGeoch 0-0: Called Strike
0-1: Ball
1-1: Ground out 6-3 (Groundball, 6)
Batting: LHB Rafael Yan 0-0: Ball
1-0: Swinging Strike
1-1: Ball
2-1: Foul Ball, location: 2F
2-2: Ball
3-2: Foul Ball, location: 2F
3-2: Foul Ball, location: 2F
3-2: Foul Ball, location: 2F
3-2: Ground out 6-3 (Groundball, 6D)
Bottom of the 1st over - 0 runs, 0 hits, 0 errors, 0 left on base; Tennessee 1 - Boston College 0
TOP OF THE 2ND
Tennessee Volunteers batting - Pitching for Boston College Eagles : RHP Horace Olson
Batting: RHB Gary Washington 0-0: Ground out 6-3 (Groundball, 6S)
Batting: LHB Tom McTier 0-0: Swinging Strike
0-1: Ball
1-1: Called Strike
1-2: Strikes out swinging passed ball, reaches first!
Batting: RHB Rodney Walker 0-0: Swinging Strike
0-1: SINGLE (Groundball, 6MD)
Tom McTier to second
Batting: RHB Lorne McClain 0-0: Ball
1-0: Called Strike
1-1: Ball
2-1: Foul Ball, location: 2F
2-2: Foul Ball, location: 2F
2-2: Strikes out swinging
Batting: RHB John Pickup 0-0: Ball
1-0: Foul Ball, location: 2F
1-1: Foul Ball, location: 2F
1-2: Foul Ball, location: 2F
1-2: Ball
2-2: Fly out, F7 (Flyball, 7)
Top of the 2nd over - 0 runs, 1 hit, 0 errors, 2 left on base; Tennessee 1 - Boston College 0
BOTTOM OF THE 2ND
Boston College Eagles batting - Pitching for Tennessee Volunteers : RHP Daniel Knight
Batting: SHB Ralph Alfonzo 0-0: Called Strike
0-1: Foul Ball, location: 2F
0-2: Strikes out swinging
Batting: RHB Ed Gómez 0-0: Called Strike
0-1: Called Strike
0-2: Foul Ball, location: 2F
0-2: Ball
1-2: Ground out 4-3 (Groundball, 4)
Batting: RHB Julián Hernández 0-0: Swinging Strike
0-1: Foul Ball, location: 2F
0-2: Strikes out swinging
Bottom of the 2nd over - 0 runs, 0 hits, 0 errors, 0 left on base; Tennessee 1 - Boston College 0
TOP OF THE 3RD
Tennessee Volunteers batting - Pitching for Boston College Eagles : RHP Horace Olson
Batting: RHB Bruce Carr 0-0: Swinging Strike
0-1: Ball
1-1: Swinging Strike
1-2: Foul Ball, location: 2F
1-2: Strikes out swinging
Batting: SHB Jared Calhoun 0-0: Ball
1-0: Called Strike
1-1: Swinging Strike
1-2: SINGLE (Line Drive, 7LS)
Batting: LHB Alfredo Cantú 0-0: Ball
1-0: Ball
2-0: Swinging Strike
2-1: Foul Ball, location: 2F
2-2: Ball
3-2: Foul Ball, location: 2F
3-2: Base on Balls
Jared Calhoun to second
Batting: LHB Carl Coffman 0-0: Ball
1-0: Fly out, F2 (Popup, 25F)
Batting: RHB Gary Washington 0-0: Called Strike
0-1: Swinging Strike
0-2: Foul Ball, location: 2F
0-2: Strikes out swinging
Top of the 3rd over - 0 runs, 1 hit, 0 errors, 2 left on base; Tennessee 1 - Boston College 0
BOTTOM OF THE 3RD
Boston College Eagles batting - Pitching for Tennessee Volunteers : RHP Daniel Knight
Batting: RHB Steve Neal 0-0: Swinging Strike
0-1: Ground out 4-3 (Groundball, 4M)
Batting: SHB Héctor Arteago 0-0: Ball
1-0: Ball
2-0: Ground out 4-3 (Groundball, 34)
Batting: LHB John Clement 0-0: Swinging Strike
0-1: Ball
1-1: Foul Ball, location: 2F
1-2: Strikes out swinging
Bottom of the 3rd over - 0 runs, 0 hits, 0 errors, 0 left on base; Tennessee 1 - Boston College 0
TOP OF THE 4TH
Tennessee Volunteers batting - Pitching for Boston College Eagles : RHP Horace Olson
Batting: LHB Tom McTier 0-0: Ball
1-0: Ground out 6-3 (Groundball, 6)
Batting: RHB Rodney Walker 0-0: Ball
1-0: Ball
2-0: Ball
3-0: Called Strike
3-1: Base on Balls
Batting: RHB Lorne McClain 0-0: Foul Ball, location: 2F
0-1: Fly out, F6 (Line Drive, 6)
Batting: RHB John Pickup 0-0: 2-RUN HOME RUN (Flyball, 7LD), Distance : 321 ft
Batting: RHB Bruce Carr 0-0: Called Strike
0-1: Called Strike
0-2: Fly out, F9 (Flyball, 89S)
Top of the 4th over - 2 runs, 1 hit, 0 errors, 0 left on base; Tennessee 3 - Boston College 0
BOTTOM OF THE 4TH
Boston College Eagles batting - Pitching for Tennessee Volunteers : RHP Daniel Knight
Batting: RHB Jim Banks 0-0: Called Strike
0-1: Called Strike
0-2: Ball
1-2: Fly out, F3 (Popup, 3S)
Batting: SHB Marvin MacGeoch 0-0: Foul Ball, location: 2F
0-1: Ball
1-1: Foul Ball, location: 2F
1-2: SINGLE (Groundball, 34D)
Batting: LHB Rafael Yan 0-0: Called Strike
0-1: Ball
1-1: Ball
2-1: SINGLE (Flyball, 7LS)
Marvin MacGeoch to second
Batting: SHB Ralph Alfonzo 0-0: Fielders Choice at 2nd, 1-4 (Groundball, 15)
Marvin MacGeoch to third
Batting: RHB Ed Gómez 0-0: Called Strike
Ralph Alfonzo steals 2nd base
0-1: Ball
1-1: Swinging Strike
1-2: Foul Ball, location: 2F
1-2: Foul Ball, location: 2F
1-2: Ball
2-2: Ball
3-2: Foul Ball, location: 2F
3-2: SINGLE (Groundball, 4D)
Marvin MacGeoch scores
Ralph Alfonzo to third
Ralph Alfonzo scores
Batting: RHB Julián Hernández 0-0: Called Strike
0-1: Ground out 1-3 (Groundball, 13S)
Bottom of the 4th over - 2 runs, 3 hits, 0 errors, 1 left on base; Tennessee 3 - Boston College 2
TOP OF THE 5TH
Tennessee Volunteers batting - Pitching for Boston College Eagles : RHP Horace Olson
Batting: SHB Jared Calhoun 0-0: Called Strike
0-1: Ball
1-1: Foul Ball, location: 2F
1-2: Ball
2-2: Ball
3-2: Foul Ball, location: 2F
3-2: Fly out, F8 (Flyball, 8RD)
Batting: LHB Alfredo Cantú 0-0: Ball
1-0: Foul Ball, location: 2F
1-1: Swinging Strike
1-2: Strikes out looking
Batting: LHB Carl Coffman 0-0: Ball
1-0: Ground out 4-3 (Groundball, 34)
Top of the 5th over - 0 runs, 0 hits, 0 errors, 0 left on base; Tennessee 3 - Boston College 2
BOTTOM OF THE 5TH
Boston College Eagles batting - Pitching for Tennessee Volunteers : RHP Daniel Knight
Batting: RHB Steve Neal 0-0: Called Strike
0-1: Ball
1-1: Foul Ball, location: 2F
1-2: Ball
2-2: Foul Ball, location: 2F
2-2: Strikes out swinging
Batting: SHB Héctor Arteago 0-0: Ball
1-0: SINGLE (Groundball, 6MD)
Batting: LHB John Clement 0-0: Called Strike
0-1: Ball
1-1: Ball
2-1: Called Strike
2-2: Ball
3-2: Foul Ball, location: 2F
3-2: Fly out, F9 (Flyball, 89M)
Batting: RHB Jim Banks 0-0: Called Strike
0-1: Swinging Strike
0-2: Ball
1-2: Fly out, F6 (Popup, 6)
Bottom of the 5th over - 0 runs, 1 hit, 0 errors, 1 left on base; Tennessee 3 - Boston College 2
TOP OF THE 6TH
Tennessee Volunteers batting - Pitching for Boston College Eagles : RHP Horace Olson
Batting: RHB Gary Washington 0-0: Ball
1-0: Called Strike
1-1: Ball
2-1: Foul Ball, location: 2F
2-2: Ball
3-2: DOUBLE (Groundball, 5L)
Batting: LHB Tom McTier 0-0: Intentional Walk
Pitching: RHP Walt Mueller
Batting: RHB Rodney Walker 0-0: Called Strike
0-1: Ball
1-1: Ball
2-1: Grounds into double play, 6-4-3 (Groundball, 6)
Gary Washington to third
Batting: RHB Lorne McClain 0-0: Ball
1-0: Called Strike
1-1: Ball
2-1: Foul Ball, location: 2F
2-2: Fly out, F8 (Flyball, 8LM)
Top of the 6th over - 0 runs, 1 hit, 0 errors, 1 left on base; Tennessee 3 - Boston College 2
BOTTOM OF THE 6TH
Boston College Eagles batting - Pitching for Tennessee Volunteers : RHP Daniel Knight
Batting: SHB Marvin MacGeoch 0-0: Called Strike
0-1: DOUBLE (Line Drive, 8LD)
Pitching: RHP Jim Frank
Batting: LHB Rafael Yan 0-0: Foul Ball, location: 2F
0-1: Called Strike
0-2: Ball
1-2: Ball
2-2: Foul Ball, location: 2F
2-2: Ball
3-2: Fly out, F9 (Flyball, 9)
Batting: SHB Ralph Alfonzo 0-0: Ball
1-0: Ball
2-0: Called Strike
2-1: Swinging Strike
2-2: Strikes out looking
Batting: RHB Ed Gómez 0-0: Foul Ball, location: 2F
0-1: Ground out 4-3 (Groundball, 4)
Bottom of the 6th over - 0 runs, 1 hit, 0 errors, 1 left on base; Tennessee 3 - Boston College 2
TOP OF THE 7TH
Tennessee Volunteers batting - Pitching for Boston College Eagles : RHP Walt Mueller
Batting: RHB John Pickup 0-0: Called Strike
0-1: Foul Ball, location: 2F
0-2: Ball
1-2: Ball
2-2: Fly out, F9 (Line Drive, 9D)
Batting: RHB Bruce Carr 0-0: Foul Ball, location: 2F
0-1: Ball
1-1: Foul Ball, location: 2F
1-2: Ball
2-2: Foul Ball, location: 2F
2-2: Ball
3-2: Foul Ball, location: 2F
3-2: Foul Ball, location: 2F
3-2: Base on Balls
Batting: SHB Jared Calhoun 0-0: Ball
Bruce Carr steals 2nd base
1-0: Ball
2-0: Foul Ball, location: 2F
2-1: Called Strike
2-2: Foul Ball, location: 2F
2-2: SINGLE (Line Drive, 4D)
Bruce Carr to third
Batting: LHB Alfredo Cantú 0-0: Called Strike
0-1: SINGLE (Groundball, 4MD)
Bruce Carr scores
Jared Calhoun to second
Runner from 2nd tries for 3rd, OUT!
Alfredo Cantú to second
Now in CF: Porter Butler
Batting: LHB Carl Coffman 0-0: Swinging Strike
0-1: Swinging Strike
0-2: Strikes out swinging
Top of the 7th over - 1 run, 2 hits, 0 errors, 1 left on base; Tennessee 4 - Boston College 2
BOTTOM OF THE 7TH
Boston College Eagles batting - Pitching for Tennessee Volunteers : RHP Jim Frank
Batting: RHB Julián Hernández 0-0: Swinging Strike
0-1: Ball
1-1: Foul Ball, location: 2F
1-2: Ball
2-2: Ball
3-2: Foul Ball, location: 2F
3-2: Base on Balls
Batting: RHB Steve Neal 0-0: Fly out, F8 (Line Drive, 8LD)
Batting: SHB Héctor Arteago 0-0: Swinging Strike
Julián Hernández is caught stealing 2nd base
0-1: Foul Ball, location: 2F
0-2: Ball
1-2: Ball
2-2: Fly out, F8 (Flyball, 8LD)
Bottom of the 7th over - 0 runs, 0 hits, 0 errors, 0 left on base; Tennessee 4 - Boston College 2
TOP OF THE 8TH
Tennessee Volunteers batting - Pitching for Boston College Eagles : RHP Walt Mueller
Batting: RHB Gary Washington 0-0: Foul Ball, location: 2F
0-1: Ball
1-1: Ball
2-1: Ball
3-1: Called Strike
3-2: Strikes out swinging
Batting: LHB Tom McTier 0-0: Ball
1-0: Fly out, F9 (Flyball, 89D)
Batting: RHB Rodney Walker 0-0: Swinging Strike
0-1: Ball
1-1: Swinging Strike
1-2: Strikes out swinging
Top of the 8th over - 0 runs, 0 hits, 0 errors, 0 left on base; Tennessee 4 - Boston College 2
BOTTOM OF THE 8TH
Boston College Eagles batting - Pitching for Tennessee Volunteers : RHP Jim Frank
Batting: LHB Porter Butler 0-0: Ball
1-0: Ball
2-0: SINGLE (Groundball, 34D)
Batting: RHB Jim Banks 0-0: Ball
1-0: Called Strike
1-1: Ball
2-1: SINGLE (Groundball, 6MD)
Porter Butler to second
Batting: SHB Marvin MacGeoch 0-0: Foul Ball, location: 2F
0-1: Bunted foul
0-2: Strikes out swinging
Pitching: LHP Billy Fox
Batting: LHB Rafael Yan 0-0: Called Strike
0-1: Foul Ball, location: 2F
0-2: Foul Ball, location: 2F
0-2: Ball
1-2: Foul Ball, location: 2F
1-2: Foul Ball, location: 2F
1-2: Ball
2-2: SINGLE (Groundball, 6MD)
Porter Butler to third
Jim Banks to second
Runner from 3rd tries for Home, SAFE, throw made home
Batting: SHB Ralph Alfonzo 0-0: Called Strike
0-1: Ball
1-1: Ball
2-1: Called Strike
2-2: Foul Ball, location: 2F
2-2: Strikes out swinging
Batting: RHB Ed Gómez 0-0: Called Strike
0-1: Foul Ball, location: 2F
0-2: Foul Ball, location: 2F
0-2: Fly out, F9 (Flyball, 89S)
Bottom of the 8th over - 1 run, 3 hits, 0 errors, 2 left on base; Tennessee 4 - Boston College 3
TOP OF THE 9TH
Tennessee Volunteers batting - Pitching for Boston College Eagles : RHP Walt Mueller
Batting: RHB Lorne McClain 0-0: Ball
1-0: Called Strike
1-1: SINGLE (Groundball, 6D)
Batting: RHB John Pickup 0-0: Sac Bunt - play at first, batter OUT! 1-4
Lorne McClain to second
Batting: RHB Bruce Carr 0-0: Ground out 5-3 (Groundball, 56)
Batting: SHB Jared Calhoun 0-0: Ball
1-0: Ball
2-0: DOUBLE (Line Drive, 9LM)
Lorne McClain scores
Batting: LHB Alfredo Cantú 0-0: Called Strike
0-1: Called Strike
0-2: Ball
1-2: Strikes out swinging
Top of the 9th over - 1 run, 2 hits, 0 errors, 1 left on base; Tennessee 5 - Boston College 3
BOTTOM OF THE 9TH
Boston College Eagles batting - Pitching for Tennessee Volunteers : LHP Billy Fox
Batting: RHB Julián Hernández 0-0: Ball
1-0: Called Strike
1-1: Called Strike
1-2: Strikes out swinging
Batting: RHB Steve Neal 0-0: Ball
1-0: Called Strike
1-1: Foul Ball, location: 2F
1-2: Foul Ball, location: 2F
1-2: Ground out 3-1 (Groundball, 34)
Batting: SHB Héctor Arteago 0-0: Ball
1-0: Ball
2-0: Ball
3-0: Called Strike
3-1: Base on Balls
Batting: LHB Porter Butler 0-0: Ball
1-0: Swinging Strike
1-1: Ball
2-1: Ball
3-1: Base on Balls
Héctor Arteago to second
Batting: RHB Jim Banks 0-0: Called Strike
0-1: Ball
1-1: Ball
2-1: Ball
3-1: Fielders Choice at 2nd, 5-4 (Groundball, 56)
Bottom of the 9th over - 0 runs, 0 hits, 0 errors, 2 left on base; Tennessee 5 - Boston College 3
Saturday, December 16th, 2017 - OOTP Baseball 18.8 Build 76